 Dungeon Crawl Stone Soup version 0.30-a0-718-geaa24f58ff (webtiles) character file.

Game seed: 5843667371684003491

4753 testman the Insei (level 10, 0/66 (69) HPs)
             Began as an Octopode Transmuter on Jan 25, 2023.
             Was an Elder of Cheibriados.
             Slain by a soul eater (8 damage)
             ... summoned by an orc high priest
             ... in a bailey.
             The game lasted 00:34:58 (6784 turns).

testman the Insei (Octopode Transmuter)             Turns: 6784, Time: 00:34:58

HP:   0/66 (69)     AC:  9    Str: 19    XL:     10   Next: 46%
MP:   14/17         EV: 13    Int: 28    God:    Cheibriados [****..]
Gold: 280           SH:  6    Dex: 22    Spells: 11/19 levels left

rFire   . . .      SeeInvis .      - Unarmed
rCold   + . .      Faith    .    n - +0 buckler
rNeg    . . .      Spirit   .    (helmet restricted)
rPois   .          Reflect  .    f - amulet of regeneration
rElec   .          Harm     .    e - +4 ring of protection
rCorr   .          Rampage  .    w - +4 ring of protection
Will    .....                    D - ring of protection from cold
Stlth   +++                      E - ring of wizardry
HPRegen 1.11/turn                (no ring)
MPRegen 0.15/turn                (no ring)
                                 (no ring)
                                 (no ring)

@: wereblooded, lightly drained, very slow
A: almost no armour, amphibious, 8 rings, camouflage 1, gelatinous body 1,
(nimble swimmer 1), tentacles
a: Renounce Religion, Bend Time, Temporal Distortion, Slouch


You were in a bailey.
You worshipped Cheibriados.
Cheibriados was greatly pleased with you.
You visited 2 branches of the dungeon, and saw 9 of its levels.
You also visited: Bailey.

You collected 345 gold pieces.
You spent 65 gold pieces at shops.

Inventory:

Missiles
 x - 15 poisoned darts
 A - 4 boomerangs
Armour
 n - a +0 buckler (worn)
Jewellery
 e - a +4 ring of protection (left tentacle)
 f - an amulet of regeneration (around mantle)
 i - a +6 ring of intelligence
 w - a +4 ring of protection (right tentacle)
 D - a ring of protection from cold (on tentacle)
 E - a ring of wizardry (on tentacle)
Scrolls
 d - 2 scrolls of fog
 g - 3 scrolls of immolation
 h - 3 scrolls of teleportation
 k - 2 scrolls of poison
 l - a scroll of enchant armour {unknown}
 p - a scroll of torment
 q - a scroll of blinking
 t - a scroll of fear {unknown}
 v - a scroll of magic mapping
 y - a scroll of enchant weapon {unknown}
 B - 3 scrolls of amnesia {unknown}
 C - a scroll of vulnerability {unknown}
Potions
 a - 2 potions of lignification
 b - 2 potions of invisibility {unknown}
 c - a potion of attraction
 j - a potion of flight {unknown}
 m - 2 potions of ambrosia
 o - 3 potions of curing
 r - a potion of resistance
 s - a potion of heal wounds
 u - 2 potions of might
 z - a potion of brilliance {unknown}


   Skills:
 + Level 6.8 Fighting
 - Level 2.0 Dodging
 - Level 4.0 Shields
 + Level 7.5 Unarmed Combat
 - Level 5.3 Spellcasting
 + Level 7.2 Transmutations
 + Level 4.9 Earth Magic
 - Level 4.0 Poison Magic


You had 11 spell levels left.
You knew the following spells:

 Your Spells              Type           Power      Damage    Failure   Level
a - Beastly Appendage     Tmut           94%        N/A       1%          1
b - Wereblood             Tmut           47%        N/A       1%          2
c - Spider Form           Tmut/Pois      38%        N/A       1%          3
d - Passwall              Tmut/Erth      34%        N/A       1%          2

Your spell library contained the following spells:

 Spells                   Type           Power      Damage    Failure   Level
 Ensorcelled Hibernation  Hex/Ice        14%        N/A       5%          2
 Ice Form                 Ice/Tmut       27%        N/A       8%          4
 Swiftness                Air            7%         N/A       11%         3
 Leda's Liquefaction      Hex/Erth       10%        N/A       12%         4
 Lee's Rapid Deconstruct  Erth           17%        3d10*     12%         5
 Statue Form              Tmut/Erth      27%        N/A       38%         6


Dungeon Overview and Level Annotations

Branches:
Dungeon (8/15)             Temple (1/1) D:4          Bailey (1/1)
   Lair: D:8-11

Altars:
Ashenzari
Cheibriados
Dithmenos
Elyvilon
Fedhas
Gozag
Hepliaklqana
Kikubaaqudgha
Makhleb
Nemelex Xobeh
Okawaru
Qazlal
Ru
Sif Muna
Trog
Uskayaw
Vehumet
Wu Jian
Xom
Yredelemnul
Zin
The Shining One

Shops:
D:3 ::   D:7 *![


Innate Abilities, Weirdness & Mutations

You cannot wear most types of armour.
You are amphibious.
You can wear up to eight rings at the same time.
Your skin changes colour to match your surroundings (Stealth+).
Your rubbery body absorbs attacks. (AC +1, EV +1)
((You are camouflaged when in or above water. (Stealth+)))
You have tentacles for arms and can constrict up to eight enemies at once.


Message History

The sixfirhy disappears in a puff of smoke!
The orc high priest prays to Beogh.
You feel much better.
The kobold demonologist completely misses you.
The orc high priest utters an invocation to Beogh.
You bite the kobold demonologist!
The kobold demonologist is moderately wounded.
The kobold demonologist looks encouraged for a moment.
You hit the kobold demonologist.
The kobold demonologist is poisoned.
The kobold demonologist is moderately wounded.
The neqoxec gestures at you.
Something tries to feed on your intellect!
The soul eater hits you but does no damage.
The orange demon barely misses you. The orange demon misses you.
The orange demon stings you but does no damage.
You hit the kobold demonologist.
The kobold demonologist looks as sick as possible!
The kobold demonologist is heavily wounded.
The orc high priest intones a terrible prayer.
The kobold demonologist hits you but does no damage.
The soul eater draws from the surrounding life force!
The orange demon stings you but does no damage.
The orange demon hits you but does no damage.
The orange demon closely misses you.
You bite the kobold demonologist!
The kobold demonologist looks as sick as possible!
The kobold demonologist is severely wounded.
The kobold demonologist completely misses you.
The soul eater hits you!!
* * * LOW HITPOINT WARNING * * *
You feel drained. The orange demon closely misses you.
The orange demon misses you. The orange demon closely misses you.
You hit the kobold demonologist but do no damage.
The kobold demonologist is severely wounded.
You hiss as the wereblood boils in your veins!
Your transformation has ended.
Your +0 buckler unmelds from your body.
You block the kobold demonologist's attack.
The soul eater hits you!
You die...

#.'........∩....)...'.#≈≈≈≈≈
###..######.######..###≈≈≈≈≈
#....#)).#...#. #....#≈≈≈≈≈
#..).#)).#...# #..).#≈≈≈≈≈
#+#'##+###8.8# ##)#)#≈≈≈≈≈
≈~.#..# #...# #..#.~≈≈≈≈≈
≈≈≈~.#..# #8.8# #..#.~≈≈≈≈≈
≈≈≈≈≈~.#..# #...#
#..#.~≈≈≈≈≈ ≈≈≈≈≈~.#..#
#4@3# #..#.~≈≈≈≈≈
≈≈≈≈≈~.#..# ##K##
#..#.~≈≈≈≈≈ ≈≈≈S≈~.##)#


go4 #'##.~≈†≈≈≈ #).# .._.. #))#.~≈≈≈≈≈ #.8# ....... #8.#.~≈≈≈≈≈ #..# .........
#..#.~≈≈≈≈≈ #.8#############8.#.~≈≈≈≈≈ #.....#######.....#.~≈≈≈≈≈
#.8...#.....#...8.#.~≈≈≈≈≈ You could see a soul eater (summoned), an orc high
priest, 2 orange demons, a kobold demonologist (extremely poisoned) and a gnoll.

Vanquished Creatures
  2 orc knights (Bailey)
  Prince Ribbit (D:5)
  Edmund (D:4)
  3 water moccasins
  8 orc warriors
  3 ice beasts
  An ogre (D:7)
  3 black bears
  A sky beast (D:7)
  A centaur (D:7)
  A phantom (D:6)
  A bullfrog (D:7)
  A necrophage (D:5)
  3 scorpions
  3 wights (D:8)
  2 electric eels (Bailey)
  A howler monkey (D:7)
  2 hounds (D:5)
  4 jellies
  7 orc priests
  2 iguanas
  7 orc wizards
  5 gnolls (Bailey)
  13 adders
  A shadow imp (D:7)
  7 white imps
  An ufetubus (D:5)
  A worm (D:4)
  The ghost of flotson the Sneak, a weakling DsDe (D:5)
  3 dart slugs
  33 orcs
  9 endoplasms
  5 giant cockroaches
  21 goblins
  12 hobgoblins
  2 jackals (D:2)
  9 kobolds
  10 quokkas
  7 ball pythons
  5 bats
  2 frilled lizards (D:3)
  3 rats
208 creatures vanquished.

Vanquished Creatures (others)
  An orc wizard (D:5)
1 creature vanquished.

Grand Total: 209 creatures vanquished

Notes
Turn   | Place    | Note
-------+----------+-------------------------------------------
     0 | D:1      | testman the Octopode Transmuter began the quest for the
                  | Orb.
     0 | D:1      | Reached XP level 1. HP: 13/13 MP: 3/3
   102 | D:1      | Reached XP level 2. HP: 14/18 MP: 3/5
   105 | D:1      | Learned a level 2 spell: Wereblood
   138 | D:1      | You fall into a shaft and drop 1 floor!
   248 | D:1      | Found a faded altar of an unknown god.
   410 | D:1      | Reached XP level 3. HP: 23/23 MP: 6/6
  1250 | D:2      | Reached XP level 4. HP: 29/29 MP: 7/7
  1269 | D:2      | Reached skill level 1 in Poison Magic
  1363 | D:2      | Reached skill level 1 in Shields
  1390 | D:2      | Reached XP level 5. HP: 29/34 MP: 9/9
  1876 | D:3      | Found Qetellipn's Book Shoppe.
  2090 | D:3      | Found Wyuqear's Book Emporium.
  2337 | D:4      | Noticed a water moccasin
  2344 | D:4      | Killed a water moccasin
  2345 | D:4      | Reached XP level 6. HP: 41/41 MP: 8/10
  2422 | D:4      | Found a staircase to the Ecumenical Temple.
  2463 | Temple   | Entered the Ecumenical Temple
  2599 | Temple   | Became a worshipper of Cheibriados the Contemplative
  2612 | D:4      | Noticed Edmund
  2618 | D:4      | Learned a level 3 spell: Spider Form
  2641 | D:4      | Killed Edmund
  2642 | D:4      | Reached XP level 7. HP: 26/46 MP: 9/12
  2808 | D:4      | Found a glowing silver altar of Zin.
  3165 | D:5      | Entered Level 5 of the Dungeon
  3219 | D:5      | Found a radiant altar of Vehumet.
  3220 | D:5      | Found a burning altar of Makhleb.
  3220 | D:5      | Found a sacrificial altar of Ru.
  3254 | D:5      | Noticed flotson's ghost (weakling DsDe)
  3262 | D:5      | Reached * piety under Cheibriados
  3274 | D:5      | Found a runed translucent door.
  3286 | D:5      | Reached XP level 8. HP: 47/53 MP: 10/13
  3328 | D:5      | Killed flotson's ghost
  3492 | D:5      | Reached skill level 5 in Unarmed Combat
  4003 | D:5      | Noticed Prince Ribbit
  4011 | D:5      | Killed Prince Ribbit
  4119 | D:5      | Reached skill level 5 in Transmutations
  4198 | D:6      | Reached XP level 9. HP: 9/59 MP: 14/16
  4206 | D:6      | Learned a level 2 spell: Passwall
  4504 | D:6      | Reached skill level 1 in Earth Magic
  4730 | D:6      | Reached skill level 5 in Spellcasting
  5185 | D:7      | Reached ** piety under Cheibriados
  5186 | D:7      | Reached skill level 5 in Fighting
  5432 | D:7      | Found Pibb's Assorted Antiques.
  5598 | D:7      | Found Syramocu's Antique Armour Boutique.
  5718 | D:7      | Found Elasus's Distillery.
  5726 | D:7      | Bought a potion of heal wounds for 65 gold pieces
  6471 | D:8      | Reached *** piety under Cheibriados
  6482 | D:8      | Found a flagged portal.
  6494 | Bailey   | Entered a bailey
  6522 | Bailey   | Noticed an orc knight
  6544 | Bailey   | Killed an orc knight
  6545 | Bailey   | Reached XP level 10. HP: 55/68 MP: 17/17
  6713 | Bailey   | Reached **** piety under Cheibriados
  6721 | Bailey   | Noticed an orc knight
  6736 | Bailey   | Killed an orc knight
  6767 | Bailey   | Found an iron altar of Okawaru.
  6767 | Bailey   | Noticed a kobold demonologist
  6767 | Bailey   | Noticed an orc high priest
  6770 | Bailey   | Noticed a sixfirhy
  6777 | Bailey   | Noticed an orange demon
  6780 | Bailey   | Noticed a soul eater
  6780 | Bailey   | Noticed an orange demon
  6784 | Bailey   | Slain by a soul eater

Illustrated notes

Levels and vault maps discovered:
D:1:      sevenhm_arrival_forest_fort_small_6, layout_rooms,
          shapermc_ecumenical_altar_mp_ritualfount, minivault_4, st_stairs_1,
          minmay_splitting_lines, minmay_misc_feat_alley, minmay_unequal
D:2:      layout_loops_ring, minmay_snake_closets
D:3:      layout_basic, serial_shops, shop_statue, shop
D:4:      layout_rooms, mainiacjoe_overflow_brackets, minmay_temple_entry_glass,
          st_stairs_3, serial_bayou_pond_d, nrook_mini_backslash, uniq_edmund
D:5:      layout_basic, gammafunk_temple_overflow_claw,
          hellmonk_ghost_happy_afterlife, serial_corexii_hall,
          chequers_hall_statues_wall_a, chequers_hall_statues_wall_a,
          uniq_prince_ribbit1
D:6:      layout_basic
D:7:      minmay_bubble_buster, layout_loops_corners, serial_shops,
          nicolae_shop_hallway_plus, nicolae_diamond_shop, shop
D:8:      layout_rooms, enter_bailey_3, nicolae_diode_quadrants
Temple:   nicolae_temple_bog_church
Bailey:   bailey_axe_of_yendor_kennysheep, bailey

Skill      XL: |  1  2  3  4  5  6  7  8  9 10 |
---------------+-------------------------------+-----
Poison Magic   | 1 2 3 4 |  4.0
Fighting       | 2 3 4 6 |  6.8
Shields        | 1 2 3 4 |  4.0
Transmutations | 3 4 5 6 7 |  7.2
Spellcasting   | 3 4 5 |  5.3
Unarmed Combat | 4 5 7 |  7.5
Earth Magic    | 4 |  4.9
Dodging        | |  2.0

Action                     |  1- 3 |  4- 6 |  7- 9 | 10-12 || total
---------------------------+-------+-------+-------+-------++-------
  Melee: Unarmed           |    79 |   126 |   353 |    96 ||   654
         Kick              |    17 |    21 |    11 |     5 ||    54
         Constrict         |    20 |    25 |    22 |     2 ||    69
         Tentacles         |    11 |    20 |    22 |     3 ||    56
         Punch             |     4 |     3 |    10 |     1 ||    18
   Cast: Beastly Appendage |    17 |    11 |     3 |       ||    31
         Wereblood         |     2 |     5 |     8 |     4 ||    19
         Spider Form       |       |     1 |    25 |     5 ||    31
    Use: Potion            |       |       |     1 |     2 ||     3
         Scroll            |       |       |    13 |       ||    13
   Stab: Sleeping          |     6 |     6 |    10 |       ||    22
 Armour: Skin              |    13 |    27 |    86 |    15 ||   141
  Dodge: Dodged            |    37 |    66 |   267 |    52 ||   422
  Block: Buckler           |     3 |    16 |    21 |     1 ||    41

Table legend: (Time is in decaauts)
 A = Elapsed time spent in this place.
 B = Non-inter-level travel time spent in this place.
 C = Inter-level travel time spent in this place.
 D = Time resting spent in this place.
 E = Time spent auto-exploring this place.
 F = Levels seen in this place.
 G = Mean time per level.
                   A        B        C        D        E       F      G
               +--------+--------+--------+--------+--------+-----+--------+
         Total |   7881 |   7615 |    266 |     46 |   5673 |  10 |  788.1 |
       Dungeon |   7370 |   7122 |    248 |     46 |   5504 |   8 |  921.2 |
        Temple |    142 |    124 |     18 |      0 |    107 |   1 |  142.0 |
        Bailey |    367 |    367 |      0 |      0 |     62 |   1 |  367.0 |
               +--------+--------+--------+--------+--------+-----+--------+

Top non-repeatable levels by time:
     D:7: 1663 daAuts
     D:6: 1338 daAuts
     D:5: 1154 daAuts
     D:1: 923 daAuts
     D:2: 854 daAuts
     D:4: 829 daAuts
     D:3: 529 daAuts
  Bailey: 367 daAuts
  Temple: 142 daAuts
     D:8: 76 daAuts
